 Dungeon Crawl Stone Soup version 0.30.1-11-g7821555f0a (webtiles) character file.

Game seed: 17240790802880055907

786 Gumption the Cleaver (level 7, -2/94 HPs)
             Began as a Minotaur Berserker on Oct 28, 2023.
             Was a Priest of Trog.
             Succumbed to a hobgoblin's curare-tipped dart
             ... on level 4 of the Dungeon.
             The game lasted 00:17:32 (4172 turns).

Gumption the Cleaver (Minotaur Berserker)           Turns: 4172, Time: 00:17:35

Health: -2/94      AC: 11    Str: 23    XL:     7   Next: 56%
Magic:  6/6        EV:  9    Int:  4    God:    Trog [***...]
Gold:   184        SH:  0    Dex: 10    Spells: 6/6 levels left

rFire   . . .        a - +0 hand axe (heavy)
rCold   . . .        (no shield)
rNeg    + . .        n - +0 chain mail
rPois   .            (helmet restricted)
rElec   .            (no cloak)
rCorr   +            d - +0 pair of gloves
SInv    .            (no boots)
Will    .....        (no amulet) Stlth
                     b - ring "Coxkiob" {rN+ rCorr Slay+4}
HPRegen 0.35/turn    (no ring)
MPRegen 0.10/turn

%: no passive effects
@: berserking, lethally poisoned (-2 -> -11), slowed
A: horns 2, retaliatory headbutt
a: Renounce Religion, Berserk, Trog's Hand


You were on level 4 of the Dungeon.
You worshipped Trog.
Trog was most pleased with you.
You visited 1 branch of the dungeon, and saw 4 of its levels.

You collected 184 gold pieces.

Inventory:

Hand Weapons
 a - a +0 heavy hand axe (weapon)
Missiles
 c - 72 stones (quivered)
Armour
 d - a +0 pair of gloves (worn)
 n - a +0 chain mail (worn)
Jewellery
 b - the ring "Coxkiob" (left hand) {rN+ rCorr Slay+4}
   (You acquired it on level 4 of the Dungeon)

   [ring of resist corrosion]

   Slay:      It affects your accuracy & damage with ranged weapons and melee
   (+4).
   rN:        It protects you from negative energy.
   rCorr:     It protects you from acid and corrosion.
Wands
 t - a wand of digging (4)
Scrolls
 f - a scroll of teleportation
 g - a scroll of immolation
 j - a scroll of torment
 m - a scroll of amnesia {unknown}
 o - a scroll of magic mapping
 r - a scroll of silence {unknown}
 s - a scroll of fear {unknown}
Potions
 l - 5 potions of curing
 p - 3 potions of cancellation
 q - a potion of flight
 u - a potion of haste


   Skills:
 + Level 6.2 Fighting
 * Level 8.1 Axes
 + Level 5.5 Armour
 - Level 2.1 Dodging


You had 6 spell levels left.
You didn't know any spells.
Your spell library was empty.

Dungeon Overview and Level Annotations

Branches:
Dungeon (4/15)
 Temple: D:4-7

Altars:
Dithmenos
Zin

Shops:
D:2 [


Innate Abilities, Weirdness & Mutations

You have a pair of horns on your head.
You reflexively headbutt those who attack you in melee.


Message History

The hobgoblin zaps a wand.
The puff of flame hits you.
The hobgoblin zaps a wand.
The puff of flame hits you!
A scorpion comes into view.
You see here a howler monkey corpse.
The hobgoblin throws a curare-tipped dart.
The curare-tipped dart barely misses you.
The hobgoblin throws a curare-tipped dart.
The curare-tipped dart hits you.
You are poisoned.
You have difficulty breathing.
You feel yourself slow down.
You feel very sick.
The hobgoblin throws a curare-tipped dart.
The curare-tipped dart hits you.
You are more poisoned.
You have difficulty breathing.
* * * LOW HITPOINT WARNING * * *
You feel as though you will be slow longer.
The hobgoblin zaps a wand.
The puff of flame misses you.
* * * LOW HITPOINT WARNING * * *
You feel extremely sick. The hobgoblin closely misses you.
The scorpion barely misses you. You furiously retaliate!
You headbutt the scorpion!
A red film seems to cover your vision as you go berserk!
You feel yourself moving faster!
You feel mighty!
* * * LOW HITPOINT WARNING * * *
You feel very sick.
The hobgoblin hits you with a +0 hand axe.
* * * LOW HITPOINT WARNING * * *
The scorpion stings you.
* * * LOW HITPOINT WARNING * * *
The hobgoblin hits you with a +0 hand axe.
* * * LOW HITPOINT WARNING * * *
The scorpion stings you but does no damage.
You slice the hobgoblin!!
You kill the hobgoblin!
Trog accepts your kill.
You slash the scorpion!
You kill the scorpion!
Trog accepts your kill.
You die...

.# #.#**,,**,,..*#...# #....#
.##*#.###*****..###.#.# #....###
...##...# ####'#...#.# #.....#.
##.####.####....#.###.# #.[...#.
.#[# #...##....#...#.#####....#.
##.######.##....###.#..........##
.......##'##....# #.....####.....
...#*#......†..†#######.# ######
##.# #......†...@.# #.#######
.#.###......#...#)#####.......#
.#..........#...#....########.#
.........####.................#
.........# #......8.....8..###
##.......# ##.............##
.........# #.............#
##.#.##### #....)....>...# .....#
#.............#


There were no monsters in sight!

Vanquished Creatures
  Grinder (D:3)
  An ogre (D:3)
  A centaur (D:4)
  2 scorpions
  2 howler monkeys (D:4)
  2 orc priests (D:4)
  2 hounds
  An orc wizard (D:4)
  6 adders
  A worm (D:4)
  2 dart slugs (D:2)
  2 orcs (D:4)
  5 endoplasms
  4 giant cockroaches
  9 goblins
  9 hobgoblins
  3 jackals
  14 kobolds
  A quokka (D:4)
  11 ball pythons
  3 bats (D:1)
  11 rats
93 creatures vanquished.

Notes
Turn   | Place    | Note
-------+----------+-------------------------------------------
     0 | D:1      | Gumption the Minotaur Berserker began the quest for the
                  | Orb.
     0 | D:1      | Reached XP level 1. HP: 19/19 MP: 0/0
   208 | D:1      | Reached skill level 4 in Axes
   221 | D:1      | Reached XP level 2. HP: 26/27 MP: 1/1
   361 | D:1      | Reached ** piety under Trog
   690 | D:1      | Reached XP level 3. HP: 29/33 MP: 2/2
  1110 | D:2      | Found Sim Zenua's Armour Shoppe.
  1384 | D:2      | Reached XP level 4. HP: 41/41 MP: 3/3
  1465 | D:2      | Reached skill level 5 in Axes
  1925 | D:3      | Noticed an ogre
  1935 | D:3      | Killed an ogre
  1936 | D:3      | Reached XP level 5. HP: 47/47 MP: 4/4
  2361 | D:3      | Reached skill level 5 in Fighting
  2361 | D:3      | Reached skill level 6 in Axes
  2396 | D:3      | Reached XP level 6. HP: 53/56 MP: 5/5
  2539 | D:3      | Noticed Grinder
  2569 | D:3      | Paralysed by Grinder for 2 turns
  2582 | D:3      | Killed Grinder
  2583 | D:3      | Reached skill level 7 in Axes
  3407 | D:4      | Reached skill level 5 in Armour
  3407 | D:4      | Reached XP level 7. HP: 47/62 MP: 6/6
  3580 | D:4      | Reached *** piety under Trog
  3721 | D:4      | Identified a scroll of acquirement
  3722 | D:4      | Acquired the ring "Coxkiob" {rN+ rCorr Slay+4}
  3728 | D:4      | Found a shadowy altar of Dithmenos.
  4051 | D:4      | Found a glowing silver altar of Zin.
  4163 | D:4      | Reached skill level 8 in Axes
  4171 | D:4      | HP: 1/94 [hobgoblin/+0 hand axe (4)]
  4172 | D:4      | Succumbed to a hobgoblin's curare-tipped dart

Illustrated notes

Levels and vault maps discovered:
D:1:      dpeg_arrival_prison, layout_loops_cross
D:2:      layout_loops_ring, serial_shops, nicolae_shop_rolling_square,
          serial_aquarium, aquarium_bridge_long_joined
          [aquarium_subvault_bridge, aquarium_subvault_wall,
          aquarium_subvault_wall, aquarium_subvault_window,
          aquarium_subvault_window, aquarium_subvault_wall], aquarium_window_1,
          aquarium_window_corner, aquarium_window_corner, aquarium_view_2b,
          aquarium_balcony_5b, aquarium_pool_2
D:3:      layout_basic, hangedman_glass_teeth, uniq_grinder
D:4:      minmay_bubble_buster, layout_basic, mainiacjoe_overflow_alcove_1,
          nicolae_dithmenos_through_a_glass_darkly, minmay_misc_feat_nine_boxes,
          st_stairs_1

Skill      XL: |  1  2  3  4  5  6  7 |
---------------+----------------------+-----
Axes           | 4 5 6 7 8 |  8.1
Fighting       | 4 5 6 |  6.2
Armour         | 3 4 5 |  5.5
Dodging        | |  2.1

Action                     |  1- 3 |  4- 6 |  7- 9 || total
---------------------------+-------+-------+-------++-------
  Melee: Hand axe          |    97 |    81 |    27 ||   205
         Headbutt          |    18 |    18 |     3 ||    39
         Punch             |     2 |       |     2 ||     4
 Invoke: Trog's Hand       |       |     3 |       ||     3
         Berserk           |       |     1 |     1 ||     2
    Use: Scroll            |       |    10 |     3 ||    13
   Stab: Sleeping          |     1 |       |       ||     1
 Armour: Animal skin       |     9 |       |       ||     9
         Chain mail        |    21 |    39 |    21 ||    81
  Dodge: Dodged            |    38 |    29 |    25 ||    92
